AoeStats
← RogerV

Arena

509358107Analyzed
4v4 RM · 5d ago on Sep 26, 2026· 46m 8s· 8 players
Game mode
Random Map
Map size
Large (8 player)
Population
200
Speed
Normal
Resources
Standard
Victory
Conquest
Starting age
Dark Age
Ending age
Imperial Age
RankedLock teamsTeams togetherTeam positionsShared explorationLock speedFull tech treeHidden civsTurbo modeCheats
Victory
Defeat
🇳🇱 Khmer · Netherlands
1287
+15
🇨🇳 Saxons · China
1271
+15
🇨🇳 Celts · China
1252
+16
🇨🇳 Khitans · China
1222
+17
🇬🇧 Bohemians · United Kingdom
1296
-17
🇺🇸 Italians · United States
1284
-17
🇲🇽 Inca · Mexico
1224
-15
🇺🇸 Poles · United States
1214
-14
xxs_hjt
10:34 Feudal Age
14:09 Castle Age
12:11 Double-Bit Axe
12:34 Horse Collar
13:43 Gold Mining
13:45 Loom
17:01 Gambesons
19:19 Scale Mail Armor
18:51 Man-at-Arms
21:29 Wheelbarrow
21:31 Forging
21:21 Long Swordsman
25:19 Gold Shaft Mining
24:58 Bow Saw
25:38 Chain Mail Armor
28:03 Heavy Plow
30:15 Hand Cart
30:22 Arson
35:22 Imperial Age
33:57 Pikeman
35:55 Iron Casting
35:11 Fletching
35:39 Halberdier
36:22 Two-Handed Swordsman
37:36 Masonry
37:33 Siege Engineers
37:13 Capped Ram
38:41 Plate Mail Armor
39:11 Blast Furnace
39:17 Champion
40:46 Siege Ram
42:23 Fletching
42:33 Murder Holes
43:00 Ballistics
43:40 Chemistry
43:35 Elite Woad Raider
44:36 Conscription
44:10 Stone Mining
45:01 Stronghold
45:25 Furor Celtica
45:55 Hoardings
46:10 Stone Shaft Mining
大牛魔
10:10 Feudal Age
11:09 Double-Bit Axe
11:32 Horse Collar
14:10 Castle Age
19:22 Wheelbarrow
21:20 Bow Saw
22:29 Hand Cart
22:54 Fletching
22:56 Gold Mining
24:08 Town Watch
25:00 Gold Shaft Mining
25:13 Stone Mining
25:31 Heavy Plow
25:04 Crossbowman
29:20 Imperial Age
27:00 Bodkin Arrow
27:05 Padded Archer Armor
27:29 Ballistics
27:30 Squires
27:46 Padded Archer Armor
27:47 Scale Mail Armor
28:17 Gambesons
28:45 Forging
28:43 Thumb Ring
28:49 Pikeman
29:22 Elite Varangian Guard
30:41 Conscription
30:12 Capped Ram
31:05 Arson
31:59 Iron Casting
31:39 Chain Mail Armor
31:03 Shield Wall
32:55 Two-Man Saw
32:46 Siege Ram
34:25 Plate Mail Armor
36:17 Bracer
系色望
11:14 Feudal Age
15:00 Castle Age
13:46 Domestication
13:53 Double-Bit Axe
18:57 Bow Saw
19:55 Pastoralism
28:01 Imperial Age
26:29 Wheelbarrow
26:08 Bow Saw
25:51 Gold Mining
25:51 Stone Mining
26:48 Lamellar Armor
28:32 Forging
28:49 Scale Mail Armor
29:19 Conscription
28:20 Elite Liao Dao
29:33 Squires
29:23 Gambesons
29:24 Arson
30:47 Iron Casting
30:27 Chain Mail Armor
30:08 Arson
31:42 Plate Mail Armor
30:56 Elite Fire Lancer
33:17 Scale Barding Armor
34:01 Stone Shaft Mining
34:32 Two-Man Saw
33:52 Hand Cart
34:37 Transhumance
35:03 Fletching
35:13 Padded Archer Armor
35:48 Elite Skirmisher
38:08 Thumb Ring
38:02 Bodkin Arrow
38:22 Leather Archer Armor
41:54 Siege Engineers
42:57 Chemistry
43:22 Ballistics
RogerV
9:32 Feudal Age
12:29 Castle Age
11:38 Double-Bit Axe
13:39 Bow Saw
19:26 Horse Collar
20:07 Heavy Plow
22:19 Gold Mining
22:23 Stone Mining
22:54 Husbandry
25:09 Wheelbarrow
25:52 Bloodlines
26:23 Gold Shaft Mining
29:14 Imperial Age
27:32 Ballistics
27:19 Light Cavalry
28:22 Forging
28:17 Scale Barding Armor
29:31 Loom
30:02 Hand Cart
29:33 Hussar
30:22 Scale Barding Armor
30:52 Iron Casting
30:33 Heavy Scorpion
31:19 Scale Mail Armor
31:40 Chain Barding Armor
31:42 Double Crossbow
32:19 Pikeman
33:02 Halberdier
34:21 Plate Barding Armor
33:46 Scale Mail Armor
34:47 Blast Furnace
33:50 Scale Mail Armor
35:55 Conscription
38:36 Capped Ram
39:23 Siege Ram
45:25 Hoardings
45:09 Chain Mail Armor
Komodo3000
11:26 Feudal Age
12:18 Double-Bit Axe
12:17 Horse Collar
12:55 Loom
16:25 Castle Age
16:06 Champi Runner
16:50 Scale Mail Armor
17:20 Champi Warrior
20:35 Squires
22:21 Forging
22:43 Heavy Plow
25:13 Bow Saw
26:04 Gold Mining
26:34 Chain Mail Armor
28:28 Stone Mining
29:01 Fletching
30:29 Wheelbarrow
30:08 Bodkin Arrow
29:42 Crossbowman
31:44 Pikeman
33:09 Town Watch
37:04 Imperial Age
35:36 Padded Archer Armor
37:51 Ballistics
38:15 Plate Mail Armor
37:07 Elite Champi Warrior
39:07 Iron Casting
38:43 Thumb Ring
39:34 Onager
40:56 Crop Rotation
41:51 Blast Furnace
40:52 Bracer
41:09 Thumb Ring
41:47 Siege Engineers
41:21 Arbalester
45:26 Chemistry
Sir Penjamin Danklin II
10:44 Feudal Age
14:38 Castle Age
13:12 Double-Bit Axe
13:58 Horse Collar
15:45 Bow Saw
19:11 Wheelbarrow
20:20 Hand Cart
21:54 Heavy Plow
21:56 Loom
22:19 Stone Mining
24:21 Gold Mining
27:06 Imperial Age
26:14 Szlachta Privileges
27:11 Stone Shaft Mining
28:04 Bloodlines
27:54 Husbandry
27:16 Cavalier
28:42 Scale Barding Armor
28:47 Forging
31:18 Chain Barding Armor
31:33 Iron Casting
34:36 Crop Rotation
37:08 Blast Furnace
36:20 Light Cavalry
37:31 Lechitic Legacy
37:27 Winged Hussar
39:17 Conscription
SepticGiraffe
10:05 Feudal Age
14:22 Castle Age
12:11 Double-Bit Axe
13:33 Horse Collar
14:43 Gold Mining
15:29 Loom
18:17 Bow Saw
23:14 Heavy Plow
25:59 Wheelbarrow
30:26 Imperial Age
30:07 Thumb Ring
30:00 Fletching
30:11 Padded Archer Armor
30:42 Elite Skirmisher
31:22 Bodkin Arrow
31:43 Leather Archer Armor
32:01 Conscription
32:44 Hand Cart
32:55 Scale Mail Armor
33:07 Forging
33:43 Town Watch
33:59 Stone Mining
34:34 Bracer
36:27 Iron Casting
36:11 Chain Mail Armor
jaishanzaman
10:55 Feudal Age
14:32 Castle Age
13:06 Horse Collar
16:04 Wheelbarrow
15:32 Heavy Plow
21:02 Double-Bit Axe
26:19 Imperial Age
24:32 Scale Mail Armor
24:43 Forging
24:19 Loom
24:28 Pikeman
26:13 Masonry
26:38 Halberdier
Connection lost

Rejoining the realm…

Still unreachable

The connection could not be restored.

Session expired

The server has moved on; the page needs a fresh start.